 Dungeon Crawl Stone Soup version 0.30.2 (webtiles) character file.

Game seed: 14661903335159383321

439 porpoise the Shooter (level 6, -2/51 HPs)
             Began as a Demonspawn Hunter on Feb 1, 2024.
             Killed from afar by an orc wizard (3 damage)
             ... with a puff of flame
             ... on level 4 of the Dungeon.
             The game lasted 00:06:31 (2614 turns).

porpoise the Shooter (Demonspawn Hunter)            Turns: 2614, Time: 00:06:32

Health: -2/51      AC:  7    Str: 18    XL:     6   Next: 70%
Magic:  6/6        EV:  9    Int: 10    God:
Gold:   266        SH:  0    Dex: 18    Spells: 5/5 levels left

rFire   + . .        b - +0 rapier
rCold   . . .        (no shield)
rNeg    . . .        c - +0 leather armour
rPois   .            f - +0 helmet
rElec   .            g - +0 cloak
rCorr   .            (no gloves)
SInv    .            (no boots)
Will    .....        (no amulet)
Stlth   +            j - +6 ring of strength
HPRegen 0.28/turn    n - ring of protection from fire
MPRegen 0.20/turn

%: no passive effects
@: confused, constricted
A: rugged brown scales 2, magic regeneration
a: no special abilities


You were on level 4 of the Dungeon.
You visited 1 branch of the dungeon, and saw 4 of its levels.

You collected 266 gold pieces.

Inventory:

Hand Weapons
 a - a +0 shortbow
 b - a +0 rapier (weapon)
Missiles
 t - 2 boomerangs
 u - 6 poisoned darts
Armour
 c - a +0 leather armour (worn)
 f - a +0 helmet (worn)
 g - a +0 cloak (worn)
Jewellery
 i - a ring of wizardry
 j - a +6 ring of strength (left hand)
 n - a ring of protection from fire (right hand)
Wands
 o - a wand of flame (16)
Scrolls
 k - a scroll of acquirement {unknown}
 m - 2 scrolls of immolation
 p - a scroll of enchant armour {unknown}
 q - a scroll of fear {unknown}
Potions
 d - a potion of invisibility
 e - 2 potions of curing
 h - 2 potions of might
 l - a potion of flight {unknown}
 r - 2 potions of resistance {unknown}
 s - 2 potions of ambrosia {unknown}
 v - a potion of attraction {unknown}


   Skills:
 + Level 4.4 Fighting
 * Level 6.4 Ranged Weapons
 - Level 1.7 Dodging
 - Level 0.8 Stealth


You had 5 spell levels left.
You didn't know any spells.
Your spell library contained the following spells:

 Spells                   Type           Power      Damage    Failure   Level
 Stone Arrow              Conj/Erth      0%         3d7       80%         3
 Animate Armour           Summ/Erth      0%         N/A       99%         4
 Passage of Golubria      Tloc           0%         N/A       99%         4
 Silence                  Hex/Air        0%         N/A       100%        5
 Lehudib's Crystal Spear  Conj/Erth      0%         10d2      100%        8


Dungeon Overview and Level Annotations

Branches:
Dungeon (4/15)
 Temple: D:4-7

Altars:


Innate Abilities, Weirdness & Mutations

You are mostly covered in rugged brown scales. (AC +2, +5% HP)
You regenerate magic rapidly.


Message History

You hit the orc priest. Your punch misses the orc priest.
The orc priest is severely wounded.
The ball python closely misses you. The ball python constricts you.
Something hits you but does no damage. The orc hits you but does no damage.
Something hits you but does no damage.
The orc priest invokes the aid of Beogh against you.
Beogh smites you! The ball python closely misses you.
The ball python constricts you.
You hit the orc priest but do no damage.
The orc priest is severely wounded.
Something hits you but does no damage. The orc hits you but does no damage.
You hear some strange, mumbled words.
You are confused.
The orc priest hits you with a +0 dagger.
The ball python bites you but does no damage.
The ball python constricts you.
You're too confused to move!
Something hits you.
* * * LOW HITPOINT WARNING * * *
The orc hits you with a +0 dagger.
* * * LOW HITPOINT WARNING * * *
Something hits you.
* * * LOW HITPOINT WARNING * * *
The orc priest closely misses you. The ball python barely misses you.
The ball python constricts you.
You're too confused to move!
Something hits you but does no damage. The orc hits you but does no damage.
Something hits you but does no damage.
The orc priest hits you with a +0 dagger.
* * * LOW HITPOINT WARNING * * *
The ball python bites you.
* * * LOW HITPOINT WARNING * * *
The ball python constricts you.
You bump into the large closed door.
The ball python barely misses you. The ball python constricts you.
You hear some strange, mumbled words.
Something tries to affect you, but you resist.
The orc hits you but does no damage.
You hear some strange, mumbled words.
A puff of flame appears from out of thin air!
The puff of flame hits you. You resist.
You die...

#...############
#...##.#........###
.......#..........# ....
................... ...>.
.................$# .....
.###..............####.....
.# #..........##........#.#
.# #..........##{{.........
.# #..........##@o........#
.###..........++oS.....#
...........)..##.......#
####...........#.)....:#
#..............#...#####.
.......####....#...##....
...............##.........
...............#...#..####
...............#...#.##


You could see an orc priest, an orc and a ball python.

Vanquished Creatures
  Sigmund (D:2)
  A black bear (D:3)
  An iguana (D:3)
  Jessica (D:3)
  A gnoll (D:1)
  2 river rats (D:3)
  4 adders (D:3)
  4 worms
  2 dart slugs
  An orc (D:3)
  3 ball pythons
  8 bats
  2 endoplasms (D:1)
  3 giant cockroaches
  3 goblins
  5 hobgoblins
  3 jackals (D:2)
  7 kobolds
  2 quokkas
  2 frilled lizards (D:1)
  7 rats
63 creatures vanquished.

Notes
Turn   | Place    | Note
-------+----------+-------------------------------------------
     0 | D:1      | porpoise the Demonspawn Hunter began the quest for the Orb.
     0 | D:1      | Reached XP level 1. HP: 16/16 MP: 1/1
   136 | D:1      | Gained mutation: You are partially covered in rugged brown
                  | scales. (AC +1, +3% HP) [demonic ancestry]
   136 | D:1      | Reached XP level 2. HP: 16/22 MP: 2/2
   185 | D:1      | Reached skill level 4 in Ranged Weapons
   349 | D:1      | Gained mutation: You regenerate magic rapidly. [demonic
                  | ancestry]
   349 | D:1      | Reached XP level 3. HP: 28/28 MP: 3/3
   777 | D:2      | Noticed Sigmund
   791 | D:2      | Killed Sigmund
   792 | D:2      | Reached skill level 5 in Ranged Weapons
   792 | D:2      | Reached XP level 4. HP: 20/37 MP: 4/4
   792 | D:2      | Gained mutation: You are mostly covered in rugged brown
                  | scales. (AC +2, +5% HP) [demonic ancestry]
   792 | D:2      | Reached XP level 5. HP: 20/43 MP: 5/5
  1426 | D:3      | Noticed Jessica
  1436 | D:3      | Killed Jessica
  1721 | D:3      | Reached XP level 6. HP: 32/50 MP: 6/6
  1813 | D:3      | Reached skill level 6 in Ranged Weapons
  2613 | D:4      | HP: 1/51 [ball python (3)]
  2614 | D:4      | Killed from afar by an orc wizard

Illustrated notes

Levels and vault maps discovered:
D:1:      dpeg_arrival_arbitrary_b, layout_rooms
D:2:      layout_basic, serial_curves, eino_curves_03, eino_curves_02,
          minmay_misc_feat_rows, uniq_sigmund
D:3:      layout_loops_corners, lightli_sewer_entry_pipes, grunt_ministairs_14,
          uniq_jessica
D:4:      layout_basic, uniq_ijyb

Skill      XL: |  1  2  3  4  5  6 |
---------------+-------------------+-----
Ranged Weapons | 4 5 6 |  6.4
Fighting       | 3 4 |  4.4
Dodging        | |  1.7
Stealth        | |  0.8

Action                     |  1- 3 |  4- 6 || total
---------------------------+-------+-------++-------
  Melee: Rapier            |       |     8 ||     8
   Fire: Shortbow          |    85 |   150 ||   235
    Use: Scroll            |       |     6 ||     6
 Armour: Leather armour    |    16 |    70 ||    86
  Dodge: Dodged            |    24 |    67 ||    91
